 Dungeon Crawl Stone Soup version 0.30-a0-996-ga6910c8ee8 (webtiles) character file.

Game seed: 13432516215424101493

3434 jasper the Fighter (level 9, -8/86 HPs)
             Began as a White Draconian Hedge Wizard on Apr 4, 2023.
             Was a Believer of Sif Muna.
             Mangled by an orc warlord
             ... wielding a +6 broad axe
              (28 damage)
             ... in a bailey.
             The game lasted 00:15:11 (10036 turns).

jasper the Fighter (White Draconian Hedge Wizard)  Turns: 10036, Time: 00:15:12

Health: -8/86      AC: 11    Str: 13    XL:     9   Next: 77%
Magic:  1/18       EV: 11    Int: 31    God:    Sif Muna [**....]
Gold:   442        SH:  4    Dex: 10    Spells: 10/21 levels left

rFire   . . .      SeeInvis .    w - +3 short sword (venom)
rCold   + . .      Faith    .    L - +0 buckler
rNeg    . . .      Spirit   .    (body armour unavailable)
rPois   .          Reflect  .    b - +0 hat
rElec   .          Rampage  .    f - +0 cloak
rCorr   .                        g - +2 pair of gloves
Will    .....                    (no boots)
Stlth   ++                       (no amulet)
HPRegen 0.34/turn                D - +6 ring of intelligence
MPRegen 0.16/turn                K - +6 ring of intelligence

@: short of breath
A: breathe frost, AC +7, unfitting armour, cold resistance 1, cold-blooded
a: Breathe Frost, Renounce Religion, Channel Magic


You were in a bailey.
You worshipped Sif Muna.
Sif Muna was pleased with you.
You visited 2 branches of the dungeon, and saw 9 of its levels.
You also visited: Bailey.

You collected 442 gold pieces.

Inventory:

Hand Weapons
 a - a +0 dagger
 o - a +0 short sword
 w - a +3 short sword of venom (weapon)
 I - a +1 flail of protection
Missiles
 e - 109 stones
 n - 32 poisoned darts
 B - 19 boomerangs
 G - a throwing net
Armour
 b - a +0 hat (worn)
 f - a +0 cloak (worn)
 g - a +2 pair of gloves (worn)
 q - a +0 pair of boots
 u - a +0 kite shield
 L - a +0 buckler (worn)
Jewellery
 A - a ring of protection from fire
 D - a +6 ring of intelligence (left hand)
 K - a +6 ring of intelligence (right hand)
Wands
 m - a wand of roots (3)
 y - a wand of quicksilver (5)
 H - a wand of polymorph (8)
Scrolls
 i - 4 scrolls of blinking
 j - 2 scrolls of noise
 l - a scroll of poison
 r - 3 scrolls of immolation
 v - 2 scrolls of amnesia
 C - 4 scrolls of teleportation
 F - a scroll of fear
Potions
 c - 2 potions of magic
 d - 2 potions of degeneration
 h - 3 potions of attraction
 k - 3 potions of mutation
 p - a potion of curing
 s - 2 potions of might
 t - 3 potions of haste
 x - a potion of heal wounds {unknown}
 z - 2 potions of ambrosia {unknown}
 E - a potion of resistance
 J - a potion of brilliance {unknown}


   Skills:
 + Level 10.6 Fighting
 - Level 1.7 Dodging
 - Level 1.7 Stealth
 * Level 3.1 Shields
 + Level 6.6 Spellcasting
 - Level 2.0 Conjurations
 - Level 1.0 Hexes
 - Level 1.0 Summonings
 - Level 3.0 Translocations
 - Level 2.0 Air Magic
 - Level 2.0 Poison Magic
 + Level 4.6 Invocations


You had 10 spell levels left.
You knew the following spells:

 Your Spells              Type           Power      Damage    Failure   Level
a - Magic Dart            Conj           88%        1d7       2%          1
b - Slow                  Hex            64%        N/A       4%          1
c - Blink                 Tloc           58%        N/A       2%          2
d - Call Imp              Summ           16%        N/A       6%          2
e - Cigotuvi's Dreadful   Necr/Pois/Air  36%        N/A       5%          2
f - Mephitic Cloud        Conj/Pois/Air  22%        N/A       9%          3

Your spell library contained the following spells:

 Spells                   Type           Power      Damage    Failure   Level
 Confusing Touch          Hex            16%        N/A       12%         3
 Vampiric Draining        Necr           10%        2d6       19%         3


Dungeon Overview and Level Annotations

Branches:
Dungeon (8/15)             Temple (1/1) D:6          Bailey (1/1)
   Lair: D:8-11

Altars:
Ashenzari
Cheibriados
Dithmenos
Fedhas
Gozag
Hepliaklqana
Kikubaaqudgha
Makhleb
Nemelex Xobeh
Okawaru
Qazlal
Ru
Sif Muna
Trog
Uskayaw
Vehumet
Wu Jian
Yredelemnul
Zin

Shops:
D:6 [

Annotations:
D:3 3 runed translucent doors, Twinkles's ghost, amateur TrFi


Innate Abilities, Weirdness & Mutations

You can breathe waves of freezing cold which knock back foes.
Your icy white scales are hard. (AC +7)
You cannot fit into any form of body armour.
Your flesh is cold resistant. (rC+)
You are cold-blooded and may be slowed by cold attacks.


Message History

Aiming: Mephitic Cloud (dangerous; 9% risk of failure)
Press: ? - help, Shift-Dir - straight line, f/p - orc warlord
Aim: an orc warlord, wielding a +6 broad axe and wearing a +0 plate armour (noxious fumes, moderately wounded, confused, chance to affect: 29%)
The ball explodes into a vile cloud!
The stinking cloud engulfs the orc warlord but does no damage.
The orc warlord is moderately wounded.
The orc warlord is engulfed in noxious fumes.
You now have 1/18 mp.
The orc warlord is engulfed in noxious fumes.
The orc warlord is engulfed in noxious fumes.
The orc warlord appears confused.
Your magical contamination has completely faded away.
Casting: Mephitic Cloud (dangerous; 9% risk of failure)
Confirm with . or Enter, or press ? or * to list all spells.
Aiming: Mephitic Cloud (dangerous; 9% risk of failure)
Press: ? - help, Shift-Dir - straight line, f/p - orc warlord
Aim: an orc warlord, wielding a +6 broad axe and wearing a +0 plate armour (lightly wounded, confused, chance to affect: 29%)
The ball explodes into a vile cloud!
The stinking cloud engulfs the orc warlord but does no damage.
The orc warlord is lightly wounded.
The orc warlord is engulfed in noxious fumes.
You now have 0/18 mp.
You have got your breath back.
The orc warlord seems less confused.
The orc warlord is engulfed in noxious fumes.
The orc warlord hits you with a +6 broad axe!!
You take 30 damage, and have 46/86 hp.
MASSIVE DAMAGE!!
The orc warlord is engulfed in noxious fumes.
The orc warlord barely misses you.
The orc warlord is engulfed in noxious fumes.
The orc warlord hits you with a +6 broad axe!!
* * * LOW HITPOINT WARNING * * *
You take 26 damage, and have 20/86 hp.
MASSIVE DAMAGE!!
Aiming: Breathe Frost (4% risk of failure)
Press: ? - help, Shift-Dir - straight line, f/p - orc warlord
Aim: an orc warlord, wielding a +6 broad axe and wearing a +0 plate armour (lightly wounded, 81% to hit)
You exhale a wave of freezing cold.
The freezing breath misses the orc warlord.
The orc warlord hits you with a +6 broad axe!!
You die...

♣≈≈#........#######
♣≈≈##......##~~~#~~
♣...##.....#~|.....
♣....##....#~?.....
♣♣.....#....##8.8...
♣......).....#......
♣∩.∩...'.....#....∩.
♣°.....'.....#......
♣♣.@...#....##8.8...
♣.o..##....#~!.....
♣...##.....#~:.....
♣≈≈##......##~~~#~~
♣≈≈#........#######
♣≈≈#..8..8...)).†..
♣≈≈#..........#~~~~
♣≈≈##.........#~~~~
♣≈≈≈##...8...##~)~~


You could see an orc warlord.

Vanquished Creatures
  Pikel (D:7)
  Sigmund (D:3)
  A yak (D:7)
  A steam dragon (D:6)
  A sky beast (D:7)
  5 orc warriors
  2 ice beasts
  2 centaurs (D:6)
  2 ogres
  2 kobold brigands (D:6)
  A lemure (D:7)
  3 bullfrogs
  A gnoll sergeant (D:5)
  4 scorpions
  An electric eel (D:6)
  3 hounds
  2 orc priests
  An iguana (D:5)
  4 sleepcaps
  Terence (D:3)
  Ijyb (D:3)
  An orc wizard (D:8)
  5 gnolls
  8 adders
  A shadow imp (D:6)
  An ufetubus (D:6)
  4 worms
  2 dart slugs
  17 orcs
  5 endoplasms
  4 giant cockroaches
  16 goblins
  6 hobgoblins
  3 jackals (D:3)
  4 quokkas
  6 ball pythons
  4 bats
  A frilled lizard (D:1)
  29 kobolds
  12 rats
169 creatures vanquished.

Vanquished Creatures (collateral kills)
  2 phantoms (D:5)
  A rat (D:3)
3 creatures vanquished.

Vanquished Creatures (others)
  A phantom (D:6)
  An adder (D:6)
  9 plants (D:6)
11 creatures vanquished.

Grand Total: 183 creatures vanquished

Notes
Turn   | Place    | Note
-------+----------+-------------------------------------------
     0 | D:1      | jasper the Draconian Hedge Wizard began the quest for the
                  | Orb.
     0 | D:1      | Reached XP level 1. HP: 14/14 MP: 4/4
   305 | D:1      | Reached XP level 2. HP: 20/20 MP: 3/6
   352 | D:1      | Learned a level 1 spell: Slow
   355 | D:1      | Learned a level 2 spell: Blink
   358 | D:1      | Learned a level 2 spell: Call Imp
   361 | D:1      | Learned a level 2 spell: Cigotuvi's Dreadful Rot
  1602 | D:2      | You fall into a shaft and drop 1 floor!
  1609 | D:3      | Found a runed translucent gate.
  1609 | D:3      | Found a runed translucent gate.
  1610 | D:3      | Noticed a kobold brigand
  1611 | D:3      | Noticed Twinkles's ghost (amateur TrFi)
  1619 | D:3      | Found a runed translucent gate.
  1640 | D:3      | Reached XP level 3. HP: 23/26 MP: 0/8
  2841 | D:3      | Noticed an ogre
  3219 | D:3      | Killed an ogre
  3220 | D:3      | Reached skill level 1 in Hexes
  3220 | D:3      | Reached XP level 4. HP: 22/33 MP: 2/10
  3220 | D:3      | Reached XP level 5. HP: 25/38 MP: 2/11
  3224 | D:3      | Learned a level 3 spell: Mephitic Cloud
  3335 | D:3      | Noticed Ijyb
  3374 | D:3      | Killed Ijyb
  3378 | D:3      | Noticed Sigmund
  3553 | D:4      | Reached skill level 1 in Air Magic
  3553 | D:4      | Reached skill level 1 in Poison Magic
  4034 | D:4      | Noticed an orc warrior
  4061 | D:4      | Killed an orc warrior
  4062 | D:4      | Reached XP level 6. HP: 14/45 MP: 12/12
  4310 | D:4      | Found a sparkling altar of Nemelex Xobeh.
  4310 | D:4      | Found an ornate altar of the Wu Jian Council.
  4849 | D:5      | Entered Level 5 of the Dungeon
  4873 | D:5      | Reached skill level 5 in Spellcasting
  5137 | D:5      | Reached skill level 1 in Fighting
  5285 | D:5      | Reached skill level 2 in Fighting
  5409 | D:5      | Reached skill level 3 in Fighting
  5409 | D:5      | Your scales start taking on an icy white colour.
  5409 | D:5      | Reached XP level 7. HP: 56/57 MP: 10/14
  5409 | D:5      | Gained mutation: Your flesh is cold resistant. (rC+) [White
                  | Draconian growth]
  5519 | D:5      | Reached skill level 4 in Fighting
  5865 | D:6      | Found a basalt altar of Yredelemnul.
  5903 | D:6      | Reached skill level 5 in Fighting
  6023 | D:6      | Reached skill level 6 in Fighting
  6166 | D:6      | Found a staircase to the Ecumenical Temple.
  6181 | D:6      | Reached skill level 7 in Fighting
  6181 | D:6      | Reached XP level 8. HP: 52/73 MP: 15/15
  6186 | Temple   | Entered the Ecumenical Temple
  6510 | D:6      | Reached skill level 8 in Fighting
  6715 | D:6      | Reached skill level 9 in Fighting
  6789 | D:6      | Found a shimmering blue altar of Sif Muna.
  6806 | D:6      | Became a worshipper of Sif Muna the Loreminder
  6910 | D:6      | Found a radiant altar of Vehumet.
  6936 | D:6      | Reached skill level 1 in Invocations
  7051 | D:6      | Found Aveituer's Armour Boutique.
  7208 | D:3      | Killed Sigmund
  7444 | D:3      | Noticed Terence
  7485 | D:3      | Killed Terence
  7614 | D:3      | Reached * piety under Sif Muna
  7620 | D:3      | Reached XP level 9. HP: 81/85 MP: 7/17
  7764 | D:3      | Found a snail-covered altar of Cheibriados.
  8000 | D:3      | Found an iron altar of Okawaru.
  8170 | D:7      | Noticed Pikel
  8216 | D:7      | Killed Pikel
  8217 | D:7      | Reached skill level 10 in Fighting
  8786 | D:7      | Reached skill level 1 in Shields
  9273 | D:8      | Found a flagged portal.
  9286 | Bailey   | Entered a bailey
  9429 | Bailey   | Noticed an orc warlord
  9574 | Bailey   | Found a runed translucent gate.
  9578 | Bailey   | Found a runed translucent gate.
  9580 | Bailey   | Found a runed translucent gate.
  9690 | Bailey   | Reached ** piety under Sif Muna
 10036 | Bailey   | Mangled by an orc warlord

Illustrated notes

Levels and vault maps discovered:
D:1:      dpeg_arrival_lava_temple_mockup, layout_loops_corners
D:2:      layout_basic, roderic_lattice_a
D:3:      layout_loops_ring, kennysheep_okawaru_gauntlet,
          mainiacjoe_overflow_alcove_1, gammafunk_ghost_nasty_kobolds,
          dreamdust_mushroom_princess, grunt_ministairs_15,
          minmay_misc_feat_doors, uniq_ijyb, uniq_sigmund, uniq_terence
D:4:      minmay_thick_lines, layout_gridville, jmf_multi_god_temple
D:5:      layout_rooms, supply_closet_lemuel, lightli_minifort
D:6:      layout_rooms, nicolae_overflow_hidden_temple, lemuel_tele_altar,
          mainiacjoe_overflow_chevrons, minmay_temple_entry_stoned_glass,
          serial_shops, shop, serial_bayou_pond_b
D:7:      layout_loops_ring, uniq_pikel
D:8:      layout_layer_cave, enter_bailey_3
Temple:   hellmonk_temple_flake
Bailey:   bailey_axe_bossmonster_kennysheep, bailey

Skill      XL: |  1  2  3  4  5  6  7  8  9 |
---------------+----------------------------+-----
Spellcasting   | 4 5 6 |  6.6
Conjurations   | 2 |  2.0
Hexes          | 1 |  1.0
Translocations | 3 |  3.0
Air Magic      | 2 |  2.0
Poison Magic   | 2 |  2.0
Fighting       | 3 7 9 10 | 10.6
Invocations    | 2 4 |  4.6
Shields        | 3 |  3.1
Dodging        | |  1.7
Stealth        | |  1.7
Summonings     | |  1.0

Action                     |  1- 3 |  4- 6 |  7- 9 || total
---------------------------+-------+-------+-------++-------
  Melee: Dagger            |    10 |       |       ||    10
         Short sword       |    36 |    81 |   260 ||   377
         Tailslap          |     8 |     6 |    34 ||    48
         Punch             |     1 |     1 |     1 ||     3
         Unarmed           |       |       |    17 ||    17
  Throw: Dart              |     5 |       |       ||     5
   Cast: Magic Dart        |    90 |    87 |   136 ||   313
         Cigotuvi's Dreadf |     3 |       |       ||     3
         Call Imp          |     1 |     3 |     2 ||     6
         Mephitic Cloud    |       |       |     8 ||     8
Ability: Breathe Frost     |       |       |    33 ||    33
  Evoke: Wand              |       |     1 |     3 ||     4
    Use: Scroll            |     8 |     3 |     5 ||    16
         Potion            |     1 |     3 |     1 ||     5
   Stab: Sleeping          |     1 |       |       ||     1
 Armour: Skin              |    20 |    36 |   134 ||   190
  Dodge: Dodged            |    37 |    50 |   177 ||   264
  Block: Buckler           |       |       |    14 ||    14

Table legend: (Time is in decaauts)
 A = Elapsed time spent in this place.
 B = Non-inter-level travel time spent in this place.
 C = Inter-level travel time spent in this place.
 D = Time resting spent in this place.
 E = Time spent auto-exploring this place.
 F = Levels seen in this place.
 G = Mean time per level.
                   A        B        C        D        E       F      G
               +--------+--------+--------+--------+--------+-----+--------+
         Total |  10013 |   9499 |    514 |    546 |   7188 |  10 | 1001.3 |
       Dungeon |   9045 |   8540 |    505 |    451 |   6555 |   8 | 1130.6 |
        Temple |    210 |    201 |      9 |      0 |    188 |   1 |  210.0 |
        Bailey |    756 |    756 |      0 |     95 |    445 |   1 |  756.0 |
               +--------+--------+--------+--------+--------+-----+--------+

Top non-repeatable levels by time:
     D:2: 1612 daAuts
     D:4: 1461 daAuts
     D:1: 1429 daAuts
     D:3: 1229 daAuts
     D:6: 1127 daAuts
     D:5: 1017 daAuts
     D:7: 979 daAuts
  Bailey: 756 daAuts
  Temple: 210 daAuts
     D:8: 189 daAuts
